[Event "Schack-SM 2024: Sverigemastarklassen"]
[Site "Fortnox Arena, Hejaregatan 5, Vaxjo, Sweden"]
[Date "2024.06.29"]
[Round "1.4"]
[White "Galperin, Platon"]
[Black "Seo, Jung Min"]
[Result "1-0"]
[TimeControl "90 minutes for 40 moves + 30 minutes for the rest of the game + 30 seconds per move from move one."]
[WhiteTitle "GM"]
[BlackTitle "IM"]
[WhiteElo "2551"]
[BlackElo "2442"]

1. d4 Nf6 2. c4 e6 3. Bf4 d5 4. cxd5 exd5 5. e3 Bd6 6. Bxd6 Qxd6 7. Nc3 O-O 8. Bd3 Nc6 9. Rc1 Ne7 10.
Qc2 c6 11. Nge2 g6 12. f3 Nf5 13. Qd2 Re8 14. Bxf5 Bxf5 15. Ng3 Qe6 16. Nxf5 Qxf5 17. O-O Rad8 18. Rce1 Qg5 19. Qf2 Qf5 20.
Re2 Rd6 21. Qh4 Qd3 22. Rd1 Qc4 23. Qf4 Rde6 24. g4 b5 25. Rf2 Kg7 26. Re1 b4 27. Na4 Rxe3 28. Rxe3 Qc1+ 29. Rf1 Qxe3+ 30. Qxe3 Rxe3 31. Kf2 Rd3 32. Ke2 Rxd4 33. b3 Rf4 34. Nc5 Ng8 35. Nd7 f5 36. Nc5 Kf6 37. Nd3 Rd4 38. Ke3 Rxd3+ 39. Kxd3 Ke5 40. f4+ Ke6 41. Re1+ Kd6 42. gxf5 gxf5 43. Re8 Ne7 44. Ra8 c5 45. Rxa7 h5 46. Ra6+ Nc6 47. Ra8 Nd4 48.
Rd8+ Kc6 49. Rh8 Ne6 50. Rh6 Kd7 51. Rf6 Nxf4+ 52. Kd2 Ne6 53. Rxf5 Kd6 54. Rxh5 c4 55. bxc4 dxc4 56. Rb5 b3 57.
axb3 cxb3 58. Rxb3 Ke5 59. Rf3 Ke4 60. Rf1 Nd4 61. h4 1-0

[Event "Schack-SM 2024: Sverigemastarklassen"]
[Site "Fortnox Arena, Hejaregatan 5, Vaxjo, Sweden"]
[Date "2024.06.29"]
[Round "1.5"]
[White "Hillarp Persson, Tiger"]
[Black "Hector, Jonny"]
[Result "0-1"]
[TimeControl "90 minutes for 40 moves + 30 minutes for the rest of the game + 30 seconds per move from move one."]
[WhiteTitle "GM"]
[BlackTitle "GM"]
[WhiteElo "2455"]
[BlackElo "2410"]

1. Nf3 d5 2. g3 Nc6 3. d4 Bf5 4. c4 e5 5. Nxe5 Nxe5 6. dxe5 dxc4 7. Qa4+ c6 8. Qxc4 Qa5+ 9. Nc3 Qxe5 10.
Bg2 Qc5 11. Qa4 Bd7 12. O-O Nf6 13. Qb3 Qb4 14. Qc2 Be7 15. e4 h5 16. h3 Be6 17. Be3 Qa5 18. f4 Bc5 19. Bxc5 Qxc5+ 20. Qf2 Nd7 21. Rfd1 Qxf2+ 22. Kxf2 h4 23. e5 hxg3+ 24. Kxg3 f6 25. Ne4 fxe5 26. fxe5 Rh5 27. Nd6+ Ke7 28.
Nxb7 Rb8 29. Na5 Nxe5 30. b3 Rg5+ 31. Kh2 Rh8 32. Rf1 Ng4+ 33. Kg1 Ne3 34. Nxc6+ Kd6 35. Rfd1+ Kc7 36. Rd2 Nxg2 37.
Nd4 Nf4+ 38. Kf2 Rg2+ 39. Ke3 Nd5+ 0-1